Description

/r/allthingsprotoss guide

https://www.reddit.com/r/allthingsprotoss/comments/5pksds/build_of_the_week_double_header_pvt_nightmares/

TeamLiquid.net guide

http://www.teamliquid.net/forum/sc2-strategy/518819-protoss-build-of-the-week-traps-3gate-gladept-2stargate-phoenix

VOD

https://www.twitch.tv/gsl/v/116195027?t=3h05m11s

Replay - A.I. 1 (Very Easy) v Gemini - Daybreak LE (Void)

Build Order

Get SALT Encoding   

  12  0:01  Probe (Chrono Boost)  
  13  0:11  Probe (Chrono Boost)  
  14  0:18  Pylon  
  14  0:23  Probe (Chrono Boost)  
  15  0:36  Probe (Chrono Boost)  
  15  0:38  Gateway  
  16  0:47  Probe (Chrono Boost)  
  16  0:49  Assimilator  
  17  0:57  Probe (Chrono Boost)  
  18  1:08  Probe (Chrono Boost)  
  19  1:22  Nexus  
  20  1:25  Probe (Chrono Boost)  
  20  1:35  Cybernetics Core  
  20  1:40  Probe (Chrono Boost)  
  20  1:47  Assimilator  
  21  1:50  Probe (Chrono Boost)  
  22  1:57  Pylon  
  23  2:04  Warp Gate  
  23  2:12  Adept  
  26  2:22  Twilight Council  
  27  2:36  Adept  
  31  2:46  Resonating Glaives  
  34  3:03  Adept  
  37  3:11  Gateway  
  37  3:18  Gateway  
  39  3:31  Adept  
  41  3:39  Pylon  
  45  3:50  Stargate  
  45  3:52  Stargate  
  47  4:09  Adept x2  
  51  4:12  Adept  
  51  4:14  Pylon  
  51  4:16  Assimilator  
  53  4:18  Assimilator  
  54  4:27  Pylon  
  54  4:35  Phoenix  
  54  4:36  Phoenix  
  62  4:57  Phoenix  
  62  4:58  Phoenix  
  70  5:18  Nexus  
  70  5:25  Phoenix  
  70  5:28  Phoenix  
  76  5:39  Mothership Core (Chrono Boost)  
  79  5:48  Phoenix  
  79  5:49  Phoenix  
  86  6:04  Assimilator  
  86  6:08  Assimilator  
  87  6:15  Phoenix x2  
  94  6:38  Robotics Facility  
  96  6:42  Forge  
  100  6:59  Templar Archives  
  101  7:08  Zealot x3, Charge  
  107  7:12  Protoss Ground Weapons Level 1  
  107  7:14  Gateway  
  111  7:17  Gateway x2  
  112  7:23  Observer  
  113  7:33  Sentry  
  113  7:34  Zealot x2  
  113  7:35  Psionic Storm  
  119  7:43  Warp Prism  
  119  7:44  Gateway  
  119  7:46  Gateway  
  121  8:03  High Templar x2  
  121  8:04  High Templar  
  127  8:14  High Templar  
  127  8:15  Zealot, High Templar  
  133  8:27  Gateway  
  133  8:29  Gateway, Archon  
  133  8:39  High Templar  
  133  8:40  High Templar  
  133  8:41  Zealot x2  
  141  8:43  Nexus  
  141  8:48  Zealot, High Templar x2  
  145  8:49  Zealot  
  145  8:52  Archon  
  152  9:04  Assimilator  
  152  9:09  Assimilator  
  152  9:11  Photon Cannon  
  152  9:13  Photon Cannon, High Templar  
  162  9:18  Archon  
  168  9:29  Fleet Beacon  
Spawning Tool Build Advisor. Get it on Overwolf

Go to:

Details

Become a Patron
  • Created by: Gemini_19    
  • Published on: Jan 24, 2017
  • Modified on: Feb 03, 2017
  • Patch: 3.8.0
Show
View Real Time Build Order
Export as new Build Order

Comments (2)

On Feb. 3, 2017, 11:24 a.m., StoicLoofah  said:

We start filtering out Pylons after the first 5 in the build order so you aren't overwhelmed by that. Presumably you will be building pylons as you need them after that

On Feb. 1, 2017, 9:07 p.m., TokyoSC  said:

in SALT no appear:
54 4:27 Pylon

Create an account to comment!